Map: Submarine LE

Players

chicago - Winner!

  • Race: Protoss Protoss
  • League: Diamond
  • Spawn Location: 11:00

RyuKey

  • Race: Terran Terran
  • League: Diamond
  • Spawn Location: 5:00

VOD

Have the link to the VOD?

Description

Time

  • Played on: June 21, 2020, 5:27 p.m.
  • Length: 8:40
Show
View Real Time Build Order
Export as new Build Order

chicago Protoss - Winner!

Build Orders: 1 Gate Expand, Oracle Opening 

Get SALT Encoding   

  12  0:00  Probe  
  13  0:13  Probe  
  14  0:20  Pylon  
  14  0:25  Probe  
  15  0:34  Probe  
  15  0:39  Gateway  
  16  0:43  Probe  
  16  0:48  Assimilator  
  17  0:52  Probe  
  18  1:04  Probe  
  19  1:16  Probe  
  20  1:27  Cybernetics Core  
  20  1:34  Nexus  
  21  1:47  Probe  
  21  1:50  Pylon  
  21  1:51  Assimilator  
  21  1:59  Probe  
  21  2:00  Adept  
  22  2:05  Warp Gate  
  24  2:12  Probe  
  24  2:24  Probe  
  25  2:36  Probe  
  26  2:39  Stargate  
  26  2:43  Stalker  
  28  2:48  Probe  
  29  2:57  Probe  
  30  3:00  Probe  
  31  3:06  Probe  
  31  3:12  Probe  
  33  3:14  Oracle, Probe  
  33  3:15  Stalker  
  36  3:24  Probe x2  
  41  3:36  Probe x2  
  41  3:41  Pylon  
  43  3:48  Probe x2  
  45  3:57  Pylon  
  45  3:59  Stalker  
  45  4:00  Probe  
  45  4:01  Probe  
  49  4:07  Gateway x2  
  49  4:13  Probe x2  
  51  4:20  Pylon  
  51  4:24  Robotics Facility  
  51  4:27  Probe x2  
  53  4:43  Probe x2  
  53  4:44  Stalker  
  57  4:49  Twilight Council  
  57  4:50  Gateway  
  57  4:52  Gateway  
  57  4:58  Pylon, Probe  
  58  5:00  Pylon, Nexus  
  58  5:05  Assimilator  
  58  5:08  Pylon  
  58  5:10  Assimilator  
  58  5:13  Observer  
  59  5:18  Forge  
  59  5:19  Forge  
  59  5:21  Probe x2  
  60  5:28  Charge  
  61  5:33  Probe  
  62  5:36  Probe  
  62  5:40  Warp Prism  
  65  5:44  Gateway  
  65  5:47  Gateway  
  65  5:49  Gateway  
  65  5:52  Protoss Ground Armor Level 1  
  65  5:53  Protoss Ground Weapons Level 1  
  65  5:55  Probe  
  66  6:09  Zealot x3  
  66  6:10  Zealot  
  74  6:11  Zealot  
  76  6:18  Shield Battery  
  71  6:35  Probe x2  
  71  6:36  Probe  
  71  6:47  Probe x2  
  71  6:48  Probe  
  73  6:59  Zealot  
  73  7:00  Zealot x2  
  76  7:02  Zealot  
  76  7:03  Zealot x4  
  85  7:14  Probe  
  85  7:17  Probe x2  
  85  7:22  Probe  
  88  7:29  Pylon, Probe  
  90  7:31  Pylon  
  90  7:32  Pylon  
  90  7:33  Templar Archives  
  90  7:37  Photon Cannon  
  90  7:40  Photon Cannon  
  90  7:42  Shield Battery  
  89  7:45  Stalker x3  
  92  7:54  Shield Battery  
  92  8:06  Probe  
  92  8:09  Probe  
  92  8:11  High Templar  
  92  8:12  High Templar x3  
  100  8:13  High Templar  
  100  8:14  High Templar  
  100  8:17  Archon x2  
  100  8:18  Archon  
  104  8:32  Zealot  
  104  8:33  Zealot  
Show
View Real Time Build Order
Export as new Build Order

RyuKey Terran 

Build Orders:  

Get SALT Encoding   

  12  0:01  SCV  
  13  0:13  SCV  
  14  0:19  Supply Depot  
  14  0:25  SCV  
  15  0:29  Refinery  
  15  0:41  SCV  
  16  0:45  Barracks  
  16  0:53  SCV  
  17  1:05  SCV  
  18  1:17  SCV  
  19  1:29  SCV  
  20  1:41  Reaper  
  20  1:45  Command Center  
  21  1:49  Orbital Command  
  21  1:56  Supply Depot  
  21  2:01  Refinery  
  21  2:12  Factory  
  21  2:20  Barracks Reactor  
  21  2:21  SCV  
  22  2:33  SCV  
  23  2:45  SCV  
  24  2:57  SCV  
  25  3:00  Starport  
  25  3:04  Orbital Command  
  24  3:06  Barracks Tech Lab  
  24  3:08  Bunker  
  24  3:09  SCV  
  24  3:11  Hellion  
  27  3:17  Hellion  
  29  3:21  SCV  
  30  3:32  Hellion  
  30  3:33  SCV  
  32  3:38  Supply Depot  
  32  3:39  Hellion  
  34  3:44  SCV  
  35  3:48  Supply Depot  
  35  3:49  SCV  
  35  3:52  Refinery  
  35  3:54  Refinery  
  36  3:56  SCV  
  37  4:03  Supply Depot  
  37  4:04  SCV  
  38  4:11  Supply Depot  
  38  4:12  SCV  
  38  4:16  SCV  
  38  4:24  SCV  
  38  4:26  Marine x2  
  38  4:28  SCV  
  38  4:30  Viking  
  41  4:37  Widow Mine  
  42  4:41  SCV x2  
  42  4:53  SCV  
  42  4:55  SCV  
  44  5:00  Banshee  
  44  5:05  SCV  
  48  5:08  SCV  
  49  5:16  Marine  
  49  5:17  Marine, SCV, Factory Tech Lab  
  49  5:20  SCV  
  53  5:28  Cloaking Field  
  53  5:29  SCV  
  53  5:32  SCV  
  55  5:39  Marine x2, Siege Tank  
  55  5:41  SCV  
  61  5:43  Banshee  
  61  5:44  SCV  
  65  5:54  SCV  
  65  5:56  SCV  
  67  5:58  Marine x2  
  69  6:06  SCV  
  69  6:08  SCV  
  71  6:15  Marine  
  71  6:16  Marine, Command Center  
  71  6:18  SCV  
  74  6:25  Siege Tank  
  77  6:26  SCV  
  78  6:39  Supply Depot  
  78  6:41  Supply Depot  
  78  6:46  Marine  
  75  6:47  SCV x2  
  78  7:00  Marine, Raven  
  78  7:01  SCV x2, Siege Tank  
  86  7:04  Marine  
  81  7:13  SCV x2  
  81  7:15  Barracks x2  
  83  7:16  Supply Depot  
  83  7:17  Barracks  
  83  7:18  Marine, Barracks  
  83  7:20  Engineering Bay  
  84  7:24  Engineering Bay  
  84  7:25  SCV x2, Supply Depot  
  86  7:32  Orbital Command  
  86  7:33  Siege Tank  
  86  7:34  Marine  
  90  7:37  SCV x2  
  90  7:38  Marine  
  93  7:50  SCV x2  
  95  7:52  Marine  
  95  7:56  Marine  
  95  7:57  Supply Depot  
  97  8:02  SCV x2, Orbital Command  
  97  8:03  Barracks Tech Lab x2  
  97  8:04  Starport Reactor  
  99  8:06  Barracks Reactor  
  99  8:08  Supply Depot  
  99  8:10  Marine  
  100  8:13  Marine  
  100  8:14  SCV  
  100  8:15  SCV  
Tags
 
Add a new tag
Caveats
  • Supply blocks, unpowered buildings, or Contaminate may cause inaccurate times.
  • Supply counts are checked every 10 seconds.